TOP OF THE 1ST |
Bemidji Benders batting - Pitching for Minnesota Death Stars : RHP Pat Jackson
|
Pitching: RHP Pat Jackson
|
|
Batting: RHB António López
|
0-0: Called Strike 0-1: Called Strike 0-2: Strikes out swinging
|
Batting: RHB Gabriel Stout
|
0-0: Called Strike 0-1: Called Strike 0-2: Ball 1-2: Ground out 5-3 (Groundball, 5L)
|
Batting: SHB Edgardo Osorio
|
0-0: Ball 1-0: Ball 2-0: Ball 3-0: Base on Balls
|
Batting: RHB Alfredo López
|
Pickoff Throw to First - Error! E1 Edgardo Osorio to second 0-0: Called Strike 0-1: Ball 1-1: Swinging Strike 1-2: Ball Passed Ball! Edgardo Osorio to third 2-2: Foul Ball, location: 2F 2-2: Foul Ball, location: 2F 2-2: Strikes out swinging
|
Top of the 1st over - 0 run(s), 0 hit(s), 1 error(s), 1 left on base; Bemidji 0 - Minnesota 0 |
BOTTOM OF THE 1ST |
Minnesota Death Stars batting - Pitching for Bemidji Benders : RHP David Nanod
|
Pitching: RHP David Nanod
|
|
Batting: RHB Manny Clemente
|
0-0: Ground out 6-3 (Groundball, 6)
|
Batting: RHB Peter Dixon
|
0-0: Swinging Strike 0-1: Ground out 4-3 (Groundball, 4M)
|
Batting: LHB Chris Loudermilk
|
0-0: Ball 1-0: Called Strike 1-1: Ball 2-1: Swinging Strike 2-2: Foul Ball, location: 2F 2-2: Strikes out swinging
|
Bottom of the 1st over - 0 run(s), 0 hit(s), 0 error(s), 0 left on base; Bemidji 0 - Minnesota 0 |
TOP OF THE 2ND |
Bemidji Benders batting - Pitching for Minnesota Death Stars : RHP Pat Jackson
|
Batting: RHB Juan Costello
|
0-0: Ground out 6-3 (Groundball, 6M)
|
Batting: RHB Claudio Souza
|
0-0: Called Strike 0-1: Swinging Strike 0-2: Strikes out swinging
|
Batting: RHB Júlio Valdés
|
0-0: Ball 1-0: Ball 2-0: Foul Ball, location: 2F 2-1: Ball 3-1: Swinging Strike 3-2: Base on Balls
|
Batting: RHB Roberto Solís
|
0-0: Ball 1-0: Ball 2-0: Ball 3-0: Called Strike 3-1: Base on Balls Júlio Valdés to second
|
Batting: RHB Júlio Sánchez
|
0-0: SINGLE (Groundball, 56D) Júlio Valdés to third Roberto Solís to second Runner from 3rd tries for Home, SAFE, no throw or cutoff
|
Batting: RHB António López
|
0-0: Ball 1-0: Foul Ball, location: 2F 1-1: Called Strike 1-2: Strikes out swinging
|
Top of the 2nd over - 1 run(s), 1 hit(s), 0 error(s), 2 left on base; Bemidji 1 - Minnesota 0 |
BOTTOM OF THE 2ND |
Minnesota Death Stars batting - Pitching for Bemidji Benders : RHP David Nanod
|
Batting: RHB Herb Ashley
|
0-0: Ball 1-0: Ball 2-0: Ball 3-0: DOUBLE (Flyball, 8LXD)
|
Batting: RHB Jorge Martínez
|
0-0: Foul Ball, location: 2F 0-1: Ball 1-1: Ball 2-1: SINGLE (Groundball, 6D) Herb Ashley to third
|
Batting: RHB John Brown
|
0-0: Reached on error, E3 (Groundball, 34) Herb Ashley scores Jorge Martínez to third
|
Batting: RHB Soetsu Kaneko
|
0-0: Ball 1-0: Ball 2-0: Ball 3-0: Called Strike 3-1: Base on Balls
|
Batting: RHB Chet Decker
|
0-0: Foul Ball, location: 2F 0-1: SINGLE (Line Drive, 6) Jorge Martínez scores John Brown to third Soetsu Kaneko to second
|
Batting: LHB Alberto Medine
|
0-0: Ball 1-0: Swinging Strike 1-1: Ball 2-1: Ball 3-1: Base on Balls John Brown scores Soetsu Kaneko to third Chet Decker to second
|
Batting: RHB Manny Clemente
|
0-0: Ball 1-0: Called Strike 1-1: Ball 2-1: Fly out, F9 (Popup, 4D)
|
Batting: RHB Peter Dixon
|
0-0: SINGLE (Line Drive, 6D) Soetsu Kaneko scores Chet Decker to third Alberto Medine to second
|
Batting: LHB Chris Loudermilk
|
0-0: Ball 1-0: Ball 2-0: Foul Ball, location: 2F 2-1: DOUBLE (Line Drive, 8RS) Chet Decker scores Alberto Medine scores Peter Dixon to third Runner from 3rd tries for Home, SAFE, no throw or cutoff
|
Batting: RHB Herb Ashley
|
0-0: Ball 1-0: Ball 2-0: Ball 3-0: Called Strike 3-1: Base on Balls
|
Batting: RHB Jorge Martínez
|
0-0: Foul Ball, location: 2F 0-1: Fly out, F2 (Popup, 2R)
|
Batting: RHB John Brown
|
0-0: Ball 1-0: Called Strike 1-1: Foul Ball, location: 2F 1-2: SINGLE (Flyball, 89M) Chris Loudermilk to third Herb Ashley to second Runner from 3rd tries for Home, SAFE, no throw or cutoff
|
Batting: RHB Soetsu Kaneko
|
0-0: Called Strike 0-1: Ball 1-1: Ball 2-1: Ball 3-1: Foul Ball, location: 2F 3-2: Foul Ball, location: 2F 3-2: Base on Balls Herb Ashley to third John Brown to second
|
Batting: RHB Chet Decker
|
0-0: Ball 1-0: Called Strike 1-1: Called Strike 1-2: Strikes out looking
|
Bottom of the 2nd over - 8 run(s), 6 hit(s), 1 error(s), 3 left on base; Bemidji 1 - Minnesota 8 |
TOP OF THE 3RD |
Bemidji Benders batting - Pitching for Minnesota Death Stars : RHP Pat Jackson
|
Batting: RHB Gabriel Stout
|
0-0: Swinging Strike 0-1: Foul Ball, location: 2F 0-2: Ball 1-2: Foul Ball, location: 2F 1-2: Ball 2-2: Ball 3-2: Foul Ball, location: 2F 3-2: Foul Ball, location: 2F 3-2: Strikes out looking
|
Batting: SHB Edgardo Osorio
|
0-0: Ball 1-0: Ground out U3 (Groundball, 3L)
|
Batting: RHB Alfredo López
|
0-0: Called Strike 0-1: Ball 1-1: Swinging Strike 1-2: Foul Ball, location: 2F 1-2: Fly out, F4 (Popup, 4MD)
|
Top of the 3rd over - 0 run(s), 0 hit(s), 0 error(s), 0 left on base; Bemidji 1 - Minnesota 8 |
BOTTOM OF THE 3RD |
Minnesota Death Stars batting - Pitching for Bemidji Benders : RHP David Nanod
|
Batting: LHB Alberto Medine
|
0-0: Called Strike 0-1: Ball 1-1: Ball 2-1: Foul Ball, location: 2F 2-2: Strikes out swinging
|
Batting: RHB Manny Clemente
|
0-0: Foul Ball, location: 2F 0-1: Called Strike 0-2: Ground out 5-3 (Groundball, 5S)
|
Batting: RHB Peter Dixon
|
0-0: Called Strike 0-1: SOLO HOME RUN (Flyball, 7LD), Distance : 365 ft
|
Batting: LHB Chris Loudermilk
|
0-0: Called Strike 0-1: Ball 1-1: Swinging Strike 1-2: Ball 2-2: Strikes out swinging
|
Bottom of the 3rd over - 1 run(s), 1 hit(s), 0 error(s), 0 left on base; Bemidji 1 - Minnesota 9 |
TOP OF THE 4TH |
Bemidji Benders batting - Pitching for Minnesota Death Stars : RHP Pat Jackson
|
Batting: RHB Juan Costello
|
0-0: Called Strike 0-1: Swinging Strike 0-2: Strikes out swinging
|
Batting: RHB Claudio Souza
|
0-0: Ball 1-0: Called Strike 1-1: Ball 2-1: Swinging Strike 2-2: Strikes out looking
|
Batting: RHB Júlio Valdés
|
0-0: SINGLE (Line Drive, 6M)
|
Batting: RHB Roberto Solís
|
0-0: SINGLE (Flyball, 8LS) Júlio Valdés to second Runner from 2nd tries for 3rd, SAFE, no throw or cutoff
|
Batting: RHB Júlio Sánchez
|
0-0: Ball 1-0: Ball 2-0: Called Strike 2-1: Ball 3-1: Base on Balls Roberto Solís to second
|
Batting: RHB António López
|
0-0: Foul Ball, location: 2F 0-1: SINGLE (Flyball, 8RS) Júlio Valdés scores Roberto Solís to third Júlio Sánchez to second Runner from 3rd tries for Home, throw and OUT!
|
Top of the 4th over - 1 run(s), 3 hit(s), 0 error(s), 2 left on base; Bemidji 2 - Minnesota 9 |
BOTTOM OF THE 4TH |
Minnesota Death Stars batting - Pitching for Bemidji Benders : RHP David Nanod
|
Pitching: RHP Manuel Cordero
|
|
Batting: RHB Herb Ashley
|
0-0: Called Strike 0-1: Ball 1-1: SINGLE (Line Drive, 4MD)
|
Batting: RHB Jorge Martínez
|
0-0: Called Strike Herb Ashley is caught stealing 2nd base 0-1: Called Strike 0-2: Strikes out swinging
|
Batting: RHB John Brown
|
0-0: Foul Ball, location: 2F 0-1: Ball 1-1: Ball 2-1: Called Strike 2-2: Ball 3-2: Base on Balls
|
Batting: RHB Soetsu Kaneko
|
0-0: Foul Ball, location: 2F 0-1: Called Strike 0-2: Ball 1-2: DOUBLE (Line Drive, 78D) John Brown to third Runner from 3rd tries for Home, SAFE, no throw or cutoff
|
Batting: RHB Chet Decker
|
0-0: Ground out 3-1 (Groundball, 3)
|
Bottom of the 4th over - 1 run(s), 2 hit(s), 0 error(s), 1 left on base; Bemidji 2 - Minnesota 10 |
TOP OF THE 5TH |
Bemidji Benders batting - Pitching for Minnesota Death Stars : RHP Pat Jackson
|
Batting: RHB Gabriel Stout
|
0-0: Ball 1-0: Fly out, F9 (Flyball, 9M)
|
Batting: SHB Edgardo Osorio
|
0-0: Ball 1-0: Foul Ball, location: 2F 1-1: Ball 2-1: Foul Ball, location: 2F 2-2: Ball 3-2: Ground out U3 (Groundball, 3)
|
Batting: RHB Alfredo López
|
0-0: Swinging Strike 0-1: Ground out 6-3 (Groundball, 6)
|
Top of the 5th over - 0 run(s), 0 hit(s), 0 error(s), 0 left on base; Bemidji 2 - Minnesota 10 |
BOTTOM OF THE 5TH |
Minnesota Death Stars batting - Pitching for Bemidji Benders : RHP Manuel Cordero
|
Batting: LHB Alberto Medine
|
0-0: SINGLE (Flyball, 7S)
|
Batting: RHB Manny Clemente
|
0-0: Ball 1-0: Called Strike 1-1: Grounds into double play, U6-3 (Groundball, 6M)
|
Batting: RHB Peter Dixon
|
0-0: SINGLE (Groundball, 4D)
|
Batting: LHB Chris Loudermilk
|
0-0: Ball 1-0: Called Strike 1-1: Ground out 4-3 (Groundball, 4)
|
Bottom of the 5th over - 0 run(s), 2 hit(s), 0 error(s), 1 left on base; Bemidji 2 - Minnesota 10 |
TOP OF THE 6TH |
Bemidji Benders batting - Pitching for Minnesota Death Stars : RHP Pat Jackson
|
Pitching: RHP Brian Smith
|
|
Batting: RHB Juan Costello
|
0-0: Ball 1-0: Foul Ball, location: 2F 1-1: Ball 2-1: Foul Ball, location: 2F
|
|
|
|
2-2: Strikes out swinging
|
Batting: RHB Claudio Souza
|
0-0: Called Strike 0-1: Ball 1-1: Swinging Strike 1-2: Ground out 1-3 (Groundball, 15S)
|
Batting: RHB Júlio Valdés
|
0-0: Called Strike 0-1: Fly out, F9 (Flyball, 9LM)
|
Top of the 6th over - 0 run(s), 0 hit(s), 0 error(s), 0 left on base; Bemidji 2 - Minnesota 10 |
BOTTOM OF THE 6TH |
Minnesota Death Stars batting - Pitching for Bemidji Benders : RHP Manuel Cordero
|
Batting: RHB Herb Ashley
|
0-0: Foul Ball, location: 2F 0-1: Ball 1-1: Called Strike 1-2: Ball 2-2: Fly out, F6 (Line Drive, 6)
|
Batting: RHB Jorge Martínez
|
0-0: Ball 1-0: Ball 2-0: Ball 3-0: Called Strike 3-1: Foul Ball, location: 2F 3-2: Foul Ball, location: 2F 3-2: Strikes out swinging
|
Batting: RHB John Brown
|
0-0: Foul Ball, location: 2F 0-1: SINGLE (Groundball, 56D)
|
Batting: RHB Soetsu Kaneko
|
0-0: Fly out, F8 (Flyball, 8LM)
|
Bottom of the 6th over - 0 run(s), 1 hit(s), 0 error(s), 1 left on base; Bemidji 2 - Minnesota 10 |
TOP OF THE 7TH |
Bemidji Benders batting - Pitching for Minnesota Death Stars : RHP Brian Smith
|
Batting: RHB Roberto Solís
|
0-0: Ball 1-0: SINGLE (Groundball, 5D)
|
Batting: RHB Júlio Sánchez
|
0-0: Foul Ball, location: 2F 0-1: Ball 1-1: Ball 2-1: Ball 3-1: Base on Balls Roberto Solís to second
|
Batting: RHB António López
|
0-0: Ball 1-0: Called Strike 1-1: Ball 2-1: Swinging Strike 2-2: Strikes out looking
|
Batting: RHB Gabriel Stout
|
0-0: Called Strike 0-1: Ball 1-1: DOUBLE (Line Drive, 5L) Roberto Solís scores Júlio Sánchez to third
|
Batting: SHB Edgardo Osorio
|
0-0: Ball 1-0: Swinging Strike 1-1: Ball 2-1: Foul Ball, location: 2F 2-2: Foul Ball, location: 2F 2-2: Fly out, F5 (Popup, 5F)
|
Batting: RHB Alfredo López
|
0-0: Fly out, F9 (Popup, 3D)
|
Top of the 7th over - 1 run(s), 2 hit(s), 0 error(s), 2 left on base; Bemidji 3 - Minnesota 10 |
BOTTOM OF THE 7TH |
Minnesota Death Stars batting - Pitching for Bemidji Benders : RHP Manuel Cordero
|
Pitching: LHP Esteban García
|
|
Batting: RHB Chet Decker
|
0-0: Ball 1-0: Ball 2-0: Called Strike 2-1: Swinging Strike 2-2: Foul Ball, location: 2F 2-2: Strikes out swinging
|
Batting: LHB Alberto Medine
|
0-0: Ball 1-0: Ball 2-0: Swinging Strike 2-1: Foul Ball, location: 2F 2-2: Ball 3-2: Fly out, F9 (Flyball, 89M)
|
Batting: RHB Manny Clemente
|
0-0: Swinging Strike 0-1: Swinging Strike 0-2: Strikes out swinging
|
Bottom of the 7th over - 0 run(s), 0 hit(s), 0 error(s), 0 left on base; Bemidji 3 - Minnesota 10 |
TOP OF THE 8TH |
Bemidji Benders batting - Pitching for Minnesota Death Stars : RHP Brian Smith
|
Pitching: RHP Travis Whitney
|
|
Batting: RHB Juan Costello
|
0-0: Ball 1-0: Swinging Strike 1-1: Ball 2-1: Foul Ball, location: 2F Single, Error in OF, E7, batter to second base
|
Batting: RHB Claudio Souza
|
0-0: Ball 1-0: SINGLE (Flyball, 8RS) Juan Costello to third
|
Batting: RHB Júlio Valdés
|
0-0: Ball 1-0: Fly out, F6 (Line Drive, 6)
|
Batting: RHB Roberto Solís
|
0-0: Fly out, F4 (Line Drive, 4)
|
Batting: RHB Júlio Sánchez
|
0-0: Ball Wild Pitch! Juan Costello scores Claudio Souza to second 1-0: Ball 2-0: Ball 3-0: Base on Balls
|
Batting: RHB António López
|
0-0: Ball 1-0: Called Strike 1-1: Swinging Strike 1-2: Strikes out swinging
|
Top of the 8th over - 1 run(s), 2 hit(s), 1 error(s), 2 left on base; Bemidji 4 - Minnesota 10 |
BOTTOM OF THE 8TH |
Minnesota Death Stars batting - Pitching for Bemidji Benders : LHP Esteban García
|
Batting: RHB Peter Dixon
|
0-0: SINGLE (Groundball, 56) (infield hit)
|
Batting: LHB Chris Loudermilk
|
0-0: Called Strike 0-1: Ball 1-1: Ball 2-1: Called Strike 2-2: Foul Ball, location: 2F 2-2: Ball 3-2: Strikes out swinging
|
Batting: RHB Herb Ashley
|
0-0: Swinging Strike 0-1: Called Strike 0-2: Ball 1-2: Ball 2-2: Fielders Choice at 2nd, 1-6 (Groundball, 23)
|
Batting: RHB Jorge Martínez
|
0-0: Fly out, F8 (Flyball, 8RM)
|
Bottom of the 8th over - 0 run(s), 1 hit(s), 0 error(s), 1 left on base; Bemidji 4 - Minnesota 10 |
TOP OF THE 9TH |
Bemidji Benders batting - Pitching for Minnesota Death Stars : RHP Travis Whitney
|
Batting: RHB Gabriel Stout
|
0-0: Ball 1-0: Called Strike 1-1: Swinging Strike 1-2: Ball 2-2: Foul Ball, location: 2F 2-2: Ball 3-2: Base on Balls
|
Batting: SHB Edgardo Osorio
|
0-0: Hit by Pitch Gabriel Stout to second
|
Batting: RHB Alfredo López
|
0-0: Ball 1-0: Grounds into double play, 5-4-3 (Groundball, 56) Gabriel Stout to third
|
Batting: RHB Juan Costello
|
0-0: Swinging Strike 0-1: Swinging Strike 0-2: Ball 1-2: Strikes out swinging
|
Top of the 9th over - 0 run(s), 0 hit(s), 0 error(s), 1 left on base; Bemidji 4 - Minnesota 10 |
|
|